 Dungeon Crawl Stone Soup version 0.26.1-2-gb8aa6d0cf2 (webtiles) character file.

Game seed: 18266043928205094260

227 Gadfly the Insei (level 5, -2/41 HPs)
             Began as a Draconian Transmuter on Feb 21, 2021.
             Was an Initiate of Wu Jian.
             Slain by Duvessa
             ... wielding a +0 short sword
              (13 damage)
             ... on level 4 of the Dungeon.
             The game lasted 00:06:07 (2984 turns).

Gadfly the Insei (Draconian Transmuter)             Turns: 2984, Time: 00:06:08

Health: -2/41      AC:  7    Str: 12    XL:     5   Next: 70%
Magic:  3/9        EV: 13    Int: 13    God:    Wu Jian [......]
Gold:   161        SH:  0    Dex: 13    Spells: 3/9 levels left

rFire    . . .     SeeInvis .     - Unarmed
rCold    . . .     Faith    .   (no shield)
rNeg     . . .     Spirit   .   (armour unavailable)
rPois    .         Reflect  .   (helmet restricted)
rElec    .         Harm     .   d - +0 cloak
rCorr    .         Rampage  .   h - +0 pair of gloves
Will     .....                  (no boots)
Stlth    +.........             (no amulet)
HPRegen  0.13/turn              (no ring)
MPRegen  0.11/turn              (no ring)

@: no status effects
A: unfitting armour, cold-blooded, AC +5
a: Renounce Religion


You were on level 4 of the Dungeon.
You worshipped Wu Jian.
Wu Jian was noncommittal.
You visited 1 branch of the dungeon, and saw 4 of its levels.

You collected 161 gold pieces.

Inventory:

Armour
 d - a +0 cloak (worn)
 h - a +0 pair of gloves (worn)
Scrolls
 e - 2 scrolls of remove curse
 g - a scroll of fog
 i - a scroll of teleportation
 j - a scroll of identify
Potions
 a - a potion of resistance
 b - a potion of attraction
 c - 3 potions of curing
 f - a potion of heal wounds {unknown}


   Skills:
 + Level 2.1 Fighting
 * Level 2.7 Dodging
 * Level 4.2 Unarmed Combat
 * Level 2.7 Spellcasting
 * Level 3.1 Transmutations
 * Level 1.6 Evocations


You had 3 spell levels left.
You knew the following spells:

 Your Spells              Type           Power        Failure   Level
a - Beastly Appendage     Tmut           18%          7%          1
b - Wereblood             Tmut           9%           10%         2
c - Spider Form           Tmut/Pois      2%           36%         3

Your spell library contained the following spells:

 Spells                   Type           Power        Failure   Level
 Ice Form                 Ice/Tmut       5%           77%         4
 Blade Hands              Tmut           4%           88%         5


Dungeon Overview and Level Annotations

Branches:
Dungeon (4/15)
 Temple: D:4-7

Altars:
Cheibriados
Wu Jian

Annotations:
D:4 Duvessa


Innate Abilities, Weirdness & Mutations

Your plain brown scales are hard. (AC +5)
You cannot fit into any form of body armour.
You are cold-blooded and may be slowed by cold attacks.


Message History

You bite Duvessa!
Duvessa looks as sick as possible!
Duvessa is heavily wounded.
Duvessa hits you with a +0 short sword! Duvessa hits you with a +0 short sword.
You hit Duvessa.
Duvessa looks as sick as possible!
Duvessa is heavily wounded.
Duvessa hits you but does no damage.
You completely miss Duvessa.
Duvessa is heavily wounded.
Your transformation has ended.
Your +0 cloak unmelds from your body.
Your +0 pair of gloves unmelds from your body.
Duvessa hits you with a +0 short sword!
* * * LOW HITPOINT WARNING * * *
Duvessa hits you with a +0 short sword!
* * * LOW HITPOINT WARNING * * *
You feel better. Duvessa barely misses you.
Your magical contamination has completely faded away.
Duvessa hits you but does no damage. Duvessa hits you with a +0 short sword!
You die...

#...............#
#...............#
##...............
......)..........
.............>#
.).....#......####
.......#..........
########...e$.###
#...@..# #......# .#
#......##.# #......##.#
#......##.# #......##.#
#......##.#
#.....##......##.#
#.....###........#####.#


You could see Duvessa (berserk, very poisoned).

Vanquished Creatures
  Dowan (D:4)
  A hound (D:3)
  6 adders
  An ooze (D:1)
  2 worms
  A dart slug (D:1)
  2 leopard geckos
  3 orcs (D:3)
  3 ball pythons
  5 giant cockroaches
  8 hobgoblins
  5 jackals
  13 kobolds
  3 quokkas
  8 bats
  4 frilled lizards (D:1)
  8 goblins
  9 rats
83 creatures vanquished.

Notes
Turn   | Place    | Note
-------+----------+-------------------------------------------
     0 | D:1      | Gadfly the Draconian Transmuter began the quest for the
                  | Orb.
     0 | D:1      | Reached XP level 1. HP: 16/16 MP: 3/3
    56 | D:1      | Reached XP level 2. HP: 23/23 MP: 5/5
    59 | D:1      | Learned a level 2 spell: Wereblood
   498 | D:1      | Reached XP level 3. HP: 28/28 MP: 4/6
   502 | D:1      | Learned a level 3 spell: Spider Form
  1193 | D:2      | Reached skill level 1 in Evocations
  1202 | D:1      | Reached XP level 4. HP: 15/36 MP: 7/7
  1886 | D:2      | Found a snail-covered altar of Cheibriados.
  1886 | D:2      | Found an ornate altar of the Wu Jian Council.
  1897 | D:2      | Became a worshipper of the Wu Jian Council
  1970 | D:2      | Found a faded altar of an unknown god.
  2227 | D:3      | Reached skill level 4 in Unarmed Combat
  2325 | D:3      | Reached XP level 5. HP: 30/41 MP: 8/8
  2963 | D:4      | Noticed Dowan
  2969 | D:4      | Noticed Duvessa
  2976 | D:4      | Killed Dowan
  2979 | D:4      | HP: 2/41 [Duvessa/+0 short sword (7)]
  2984 | D:4      | Slain by Duvessa

Illustrated notes

Levels and vault maps discovered:
D:1:      elethiomel_arrival_quiet, layout_loops_ring, minmay_misc_feat_iff,
          chequers_serial_rivers_small_a, minmay_misc_feat_tiny
D:2:      layout_rooms, gammafunk_temple_overflow_pools,
          chequers_ecumenical_altar_simple_redux, minmay_pentomino_w4
D:3:      layout_loops_ring
D:4:      layout_basic, uniq_duvessa, uniq_pikel, uniq_menkaure

Skill      XL: |  1  2  3  4  5 |
---------------+----------------+-----
Dodging        | 2 |  2.7
Evocations     | 1 |  1.6
Unarmed Combat | 4 |  4.2
Fighting       | 2 |  2.1
Transmutations | 3 |  3.1
Spellcasting   | |  2.7

Action                   |  1- 3 |  4- 6 || total
-------------------------+-------+-------++-------
Melee: Unarmed           |   126 |   140 ||   266
       Kick              |    21 |    11 ||    32
       Tailslap          |     7 |     3 ||    10
       Headbutt          |     9 |     3 ||    12
       Punch             |     2 |     4 ||     6
 Cast: Beastly Appendage |    23 |    21 ||    44
       Spider Form       |       |     1 ||     1
Invok: Lunge             |       |    12 ||    12
  Use: Scroll            |     1 |     7 ||     8
       Potion            |       |     3 ||     3
Armor: Skin              |    45 |    45 ||    90
Dodge: Dodged            |   104 |    88 ||   192
